 Dungeon Crawl Stone Soup version 0.28-a0-1616-g050a50673c (webtiles) character file.

Game seed: 14066450020027294438

126 fragbeetle the Chiller (level 5, -3/38 HPs)
             Began as a Merfolk Ice Elementalist on Jan 23, 2022.
             Slain by Terence (8 damage)
             ... on level 2 of the Dungeon.
             The game lasted 00:04:36 (2920 turns).

fragbeetle the Chiller (Merfolk Ice Elementalist)   Turns: 2920, Time: 00:04:37

Health: -3/38      AC:  2    Str: 11    XL:     5   Next: 9%
Magic:  1/8        EV: 13    Int: 14    God:
Gold:   97         SH:  0    Dex: 14    Spells: 1/8 levels left

rFire   + . .      SeeInvis .   h - +0 short sword
rCold   + . .      Faith    .   (no shield)
rNeg    . . .      Spirit   .   a - +0 robe
rPois   .          Reflect  .   (no helmet)
rElec   .          Harm     .   l - scarf {rC+ rF+}
rCorr   .          Rampage  .   (no gloves)
Will    .....                   (no boots)
Stlth   ++........              (no amulet)
HPRegen 0.12/turn               (no ring)
MPRegen 0.11/turn               (no ring)

@: no status effects
A: (nimble swimmer 2), mertail
a: no special abilities


You were on level 2 of the Dungeon.
You visited 1 branch of the dungeon, and saw 2 of its levels.

You collected 97 gold pieces.

Inventory:

Hand Weapons
 h - a +0 short sword (weapon)
Missiles
 k - a poisoned dart
Armour
 a - a +0 robe (worn)
 g - a +0 leather armour
 l - a scarf of resistance (worn)
Scrolls
 b - a scroll of enchant weapon {unknown}
 c - a scroll of enchant armour {unknown}
 d - a scroll of torment {unknown}
 j - 4 scrolls of immolation {unknown}
 m - a scroll of magic mapping {unknown}
 n - a scroll of fog {unknown}
 o - a scroll of teleportation {unknown}
Potions
 e - a potion of magic {unknown}
 f - 3 potions of heal wounds {unknown}
 i - a potion of might {unknown}


   Skills:
 + Level 2.0 Fighting
 + Level 3.8 Dodging
 + Level 3.2 Stealth
 - Level 2.0 Spellcasting
 * Level 5.5 Ice Magic


You had one spell level left.
You knew the following spells:

 Your Spells              Type           Power      Damage    Failure   Level
a - Freeze                Ice            64%        1d8       2%          1
b - Ozocubu's Armour      Ice            16%        N/A       8%          3
c - Frozen Ramparts       Ice            32%        1d5       8%          3

Your spell library contained the following spells:

 Spells                   Type           Power      Damage    Failure   Level
 Hailstorm                Conj/Ice       9%         3d4       58%         4


Dungeon Overview and Level Annotations

Branches:
Dungeon (2/15)

Altars:

Annotations:
D:2 Sigmund, Terence


Innate Abilities, Weirdness & Mutations

((You are very nimble when in or above water. (Stealth+, EV+, Speed+++)))
Your lower body shifts to a powerful aquatic tail in water.


Message History

Unknown command.
Casting: Ozocubu's Armour (dangerous; 8% risk of failure)
Confirm with . or Enter, or press ? or * to list all spells.
Casting: Frozen Ramparts (dangerous; 8% risk of failure)
Press: ? - help, Dir - look around, f - activate The walls around you are covered in ice.
Terence resists.
The wall freezes Terence.
Terence closely misses you.
Terence resists.
The wall freezes Terence.
Terence misses you.
Unknown command.
You hit Terence.
Terence is severely wounded.
Terence completely resists.
The wall freezes Terence but does no damage.
Terence misses you.
You hit Terence but do no damage.
Terence is severely wounded.
Terence resists.
The wall freezes Terence.
Terence barely misses you.
Terence resists.
The wall freezes Terence.
Terence barely misses you.
You closely miss Terence.
Terence is almost dead.
Terence completely resists.
The wall freezes Terence but does no damage.
Terence hits you but does no damage.
Terence completely resists.
The wall freezes Terence but does no damage.
Terence hits you with a +0 mace!
* * * LOW HITPOINT WARNING * * *
You barely miss Terence.
Terence is almost dead.
The wall freezes Terence but does no damage.
Terence hits you with a +0 mace.
* * * LOW HITPOINT WARNING * * *
Unknown command.
Your icy armour and frozen ramparts will break if you move.
Continue?
Your icy armour cracks and falls away as you move.
The frozen ramparts melt away as you move.
Terence barely misses you.
You closely miss Terence.
Terence is almost dead.
Terence barely misses you. Terence hits you with a +0 mace!
You die...

## .# #### .# .....
############### ##
.##.......#####.............# #.
..'.......'.....@...........# #.
.##.......#####.@...........# #.
.##.......#####.............####.
..........(.(....................
.###################.###########.
.# #..# ###† .## ###########.#
#... ..# ###.........#.### #.#.
..# #.'.............# #.#.


You could see Terence (berserk, poisoned).

Vanquished Creatures
  Natasha (thrice) (D:2)
  An adder (D:2)
  2 worms (D:2)
  A dart slug (D:2)
  A giant cockroach (D:1)
  4 goblins
  2 hobgoblins
  7 jackals (D:1)
  3 quokkas
  2 ball pythons (D:1)
  4 bats
  2 frilled lizards
  2 kobolds
  4 rats (D:1)
38 creatures vanquished.

Notes
Turn   | Place    | Note
-------+----------+-------------------------------------------
     0 | D:1      | fragbeetle the Merfolk Ice Elementalist began the quest for
                  | the Orb.
     0 | D:1      | Reached XP level 1. HP: 13/13 MP: 3/3
   229 | D:1      | Reached XP level 2. HP: 11/20 MP: 0/5
  1136 | D:1      | Reached skill level 1 in Fighting
  1159 | D:1      | Reached XP level 3. HP: 20/26 MP: 3/6
  1689 | D:2      | Noticed Terence
  1695 | D:2      | Learned a level 3 spell: Ozocubu's Armour
  1773 | D:2      | Reached skill level 5 in Ice Magic
  1823 | D:2      | Noticed Sigmund
  2190 | D:2      | Noticed Natasha
  2206 | D:2      | Killed Natasha
  2207 | D:2      | Reached XP level 4. HP: 27/32 MP: 1/7
  2259 | D:2      | Learned a level 3 spell: Frozen Ramparts
  2415 | D:2      | Noticed Natasha
  2428 | D:2      | Killed Natasha
  2815 | D:2      | Noticed Natasha
  2820 | D:2      | Killed Natasha
  2821 | D:2      | Reached XP level 5. HP: 38/38 MP: 1/8
  2920 | D:2      | Slain by Terence

Illustrated notes

Levels and vault maps discovered:
D:1:      scummos_arrival_checkerplants, layout_basic
D:2:      layout_basic, chequers_serial_rivers_large_b, uniq_sigmund,
          uniq_terence, uniq_natasha

Skill      XL: |  1  2  3  4 |
---------------+-------------+-----
Dodging        | 3 |  3.8
Fighting       | 1 2 |  2.0
Ice Magic      | 5 |  5.5
Stealth        | 3 |  3.2
Spellcasting   | |  2.0

Action                   |  1- 3 |  4- 6 || total
-------------------------+-------+-------++-------
Melee: Unarmed           |    41 |       ||    41
       Punch             |     2 |       ||     2
       Dagger            |    19 |       ||    19
       Short sword       |    21 |    26 ||    47
Throw: Dart              |       |     3 ||     3
 Cast: Freeze            |    34 |     6 ||    40
       Ozocubu's Armour  |     1 |     2 ||     3
       Frozen Ramparts   |       |     4 ||     4
 Stab: Sleeping          |     9 |       ||     9
Armor: Robe              |    14 |     1 ||    15
Dodge: Dodged            |    72 |    18 ||    90

Table legend: (Time is in decaauts)
 A = Elapsed time spent in this place.
 B = Non-inter-level travel time spent in this place.
 C = Inter-level travel time spent in this place.
 D = Time resting spent in this place.
 E = Time spent auto-exploring this place.
 F = Levels seen in this place.
 G = Mean time per level.
                   A        B        C        D        E       F      G
               +--------+--------+--------+--------+--------+-----+--------+
         Total |   2910 |   2881 |     29 |    954 |   1506 |   2 | 1455.0 |
       Dungeon |   2910 |   2881 |     29 |    954 |   1506 |   2 | 1455.0 |
               +--------+--------+--------+--------+--------+-----+--------+

Top non-repeatable levels by time:
     D:1: 1634 daAuts
     D:2: 1276 daAuts
